 Dungeon Crawl Stone Soup version 0.24-a0-189-g5d897e9 (webtiles) character file.

Game seed: 18392956143049121201

741 George the Basher (level 7, -1/41 HPs)
             Began as a Gargoyle Fighter on Mar 16, 2019.
             Slain by Sigmund
             ... wielding a +0 scythe
              (3 damage)
             ... on level 5 of the Dungeon.
             The game lasted 00:07:04 (3709 turns).

George the Basher (Gargoyle Fighter)                Turns: 3709, Time: 00:07:04

Health: -1/41      AC: 11    Str: 21    XL:     7   Next: 75%
Magic:  12/16      EV:  7    Int:  9    God:
Gold:   268        SH:  9    Dex:  7    Spells: 6/6 levels left

rFire    . . .     SeeInvis .   a - +0 flail
rCold    . . .     Gourm    .   c - +0 shield
rNeg     + . .     Faith    .   b - +0 scale mail
rPois    ∞         Spirit   .   (no helmet)
rElec    +         Reflect  .   (no cloak)
rCorr    .         Harm     .   (no gloves)
MR       .....                  (no boots)
Stlth    ..........             r - amulet of rage
HPRegen  0.13/turn              p - -2 ring of dexterity (curse)
MPRegen  0.15/turn              s - ring of magical power

@: no status effects
A: negative energy resistance 1, electricity resistance, unbreathing,
petrification resistance, rot immunity, AC +4
a: Evoke Berserk Rage


You were on level 5 of the Dungeon.
You were very hungry.

You visited 1 branch of the dungeon, and saw 5 of its levels.

You collected 268 gold pieces.

Inventory:

Hand Weapons
 a - a +0 flail (weapon)
Armour
 b - a +0 scale mail (worn)
 c - a +0 shield (worn)
Jewellery
 p - a cursed -2 ring of dexterity (left hand)
 r - an amulet of rage (around neck)
 s - a ring of magical power (right hand)
Wands
 q - a wand of clouds (3)
Scrolls
 e - 2 scrolls of amnesia {unknown}
 g - 5 scrolls of identify {unknown}
 i - 2 scrolls of teleportation {unknown}
 j - 3 scrolls of remove curse {unknown}
 l - a scroll of enchant armour {unknown}
 o - a scroll of immolation {unknown}
 t - a scroll of fear {unknown}
Potions
 d - a potion of might
 h - 2 potions of brilliance {unknown}
 k - a potion of flight {unknown}
 m - 2 potions of curing {unknown}
 n - a potion of heal wounds {unknown}
Comestibles
 f - 11 rations


   Skills:
 - Level 3.2 Fighting
 + Level 8.6 Maces & Flails
 - Level 3.2 Armour
 - Level 3.2 Shields


You had 6 spell levels left.
You didn't know any spells.
Your spell library was empty.

Dungeon Overview and Level Annotations

Branches:
Dungeon (5/15)
 Temple: D:4-7

Altars:

Annotations:
D:5 Sigmund


Innate Abilities, Weirdness & Mutations

You are resistant to torment.
Your stone body is resilient. (AC +4)
You are immune to poison.
You resist negative energy. (rN+)
You are resistant to electric shocks. (rElec)
You can survive without breathing.
You are immune to petrification.
You are immune to rotting.


Message History

Okay, then.
Unknown command.
Unknown command.
You barely miss something. You block something's attack.
You closely miss something. Something hits you but does no damage.
You closely miss something. You hit something.
Something hits you but does no damage.
You miss something. Something hits you but does no damage.
You closely miss something. Something hits you but does no damage.
You miss something. You barely miss something. You block something's attack.
You barely miss something. Something hits you.
* * * LOW HITPOINT WARNING * * *
You closely miss something. You closely miss something. Something hits you.
* * * LOW HITPOINT WARNING * * *
Okay, then.
Unknown command.
Something hits you.
You die...

###...........#
#...P.####..#
#...PP.#..#..#
#..#####..#..#
#.. ..#..# #...
##.#..# #.#
##.{#..# #
#)..#..#
#..##.@#..#
#......#..#
#..#......# #.
#......# #
#...#..#
#...#..#
#...#..#
#...#.##
....#.#


There were no monsters in sight!

Vanquished Creatures
  2 ogres (D:4)
  2 phantoms (D:4)
  A scorpion (D:4)
  2 howler monkeys
  A hound (D:4)
  An iguana (D:4)
  A hound skeleton (D:2)
  9 adders
  A shadow imp (D:4)
  2 worms
  3 dart slugs
  7 leopard geckos
  5 orcs
  9 bats
  5 giant cockroaches
  A goblin (D:2)
  7 hobgoblins
  11 jackals
  7 kobolds
  2 quokkas
  2 ball pythons
  12 frilled lizards
  A jackal skeleton (D:5)
  11 rats
  2 plants (D:1)
107 creatures vanquished.

Notes
Turn   | Place    | Note
-------+----------+-------------------------------------------
     0 | D:1      | George the Gargoyle Fighter began the quest for the Orb.
     0 | D:1      | Reached XP level 1. HP: 14/14 MP: 1/1
   166 | D:1      | Reached XP level 2. HP: 17/19 MP: 2/2
   229 | D:1      | Reached skill level 3 in Maces & Flails
   608 | D:1      | Reached XP level 3. HP: 23/23 MP: 3/3
   929 | D:2      | Reached skill level 4 in Maces & Flails
   958 | D:2      | Reached XP level 4. HP: 28/28 MP: 4/4
  1662 | D:3      | Reached skill level 5 in Maces & Flails
  1669 | D:3      | Reached XP level 5. HP: 27/32 MP: 5/5
  2219 | D:3      | Reached skill level 6 in Maces & Flails
  2710 | D:4      | Noticed a phantom
  2749 | D:4      | Killed a phantom
  2749 | D:4      | Reached XP level 6. HP: 36/37 MP: 6/6
  2864 | D:4      | Reached skill level 7 in Maces & Flails
  2873 | D:4      | Reached XP level 7. HP: 26/41 MP: 7/7
  2966 | D:4      | Reached skill level 8 in Maces & Flails
  3611 | D:5      | Entered Level 5 of the Dungeon
  3672 | D:5      | Noticed Sigmund
  3708 | D:5      | HP: 2/41 [something (3)]
  3709 | D:5      | Slain by Sigmund

Levels and vault maps discovered:
D:1:      roderic_crop_circles_arrival_small, layout_basic
D:2:      minmay_diamond_boxcup, layout_basic, minmay_misc_feat_hallway
D:3:      layout_loops_corners, chequers_jeans, kennysheep_generic_room_5
D:4:      layout_loops_ring, serial_rivers, chequers_serial_rivers_micro_b,
          chequers_serial_rivers_micro_a, chequers_serial_rivers_micro_b,
          chequers_serial_rivers_micro_c, roderic_serpentine_path
D:5:      layout_loops_ring, serial_shops, shop, first_ration,
          sigmund_edmund_badplayer, uniq_duvessa

Skill      XL: |  1  2  3  4  5  6  7 |
---------------+----------------------+-----
Maces & Flails | 3 4 5 6 7 8 |  8.6
Fighting       | |  3.2
Armour         | |  3.2
Shields        | |  3.2

Action                   |  1- 3 |  4- 6 |  7- 9 || total
-------------------------+-------+-------+-------++-------
Melee: Flail             |   210 |   321 |    83 ||   614
  Eat: Chunk             |     1 |     7 |     1 ||     9
Armor: Scale mail        |    86 |   172 |    32 ||   290
Dodge: Dodged            |    53 |   124 |    16 ||   193
Block: Shield            |    82 |   182 |    25 ||   289

Table legend:
 A = Non-vault XP
 B = Vault XP
 C = Vault XP percentage of total XP
 D = Non-vault monster count
 E = Vault monster count
 F = Vault count percentage of total count
                 A         B        C        D         E       F
            +---------+---------+-------+---------+---------+-------
      Total |    1022 |      37 |   3.5 |      92 |      13 |  12.4
            +---------+---------+-------+---------+---------+-------
        D:1 |      34 |       0 |   0.0 |      18 |       0 |   0.0
        D:2 |      87 |      17 |  16.3 |      25 |       9 |  26.5
        D:3 |     156 |      20 |  11.4 |      32 |       4 |  11.1
        D:4 |     744 |       0 |   0.0 |      16 |       0 |   0.0
        D:5 |       1 |       0 |   0.0 |       1 |       0 |   0.0
            +---------+---------+-------+---------+---------+-------
